[ AOE2 MATCH · #495736965 ]
UnrankedCelts vs Franks
Player's team · LOSS
Rival team · WIN
[ REPLAY ANALYSIS · EXTRACTED FROM THE RECORDED GAME ]
Feudal
9:17
Castle
20:00
Imperial
45:23
| APM avg | 68.0 |
| APM peak | 98 |
| eAPM avg | 28.2 |
| Villagers / military | 174 / 135 |
Focus
⚔️ 40.6% · 🌾 59.4%
Archer ×58 · Spearman ×29 · Mangonel ×22 · Woad Raider ×8 · Trebuchet (Packed) ×5 · Militia ×4
Feudal
8:55
Castle
19:58
Imperial
44:45
| APM avg | 53.7 |
| APM peak | 92 |
| eAPM avg | 27.1 |
| Villagers / military | 157 / 120 |
Focus
⚔️ 39.7% · 🌾 60.3%
Knight ×36 · Archer ×35 · Throwing Axeman ×26 · Mangonel ×12 · Trebuchet (Packed) ×7 · Monk ×2
Match map
Initial resources + every placement click. Lines = walls · curves = elevation contours. ◆ gold · ⬟ stone · ● berries · ✦ relic · ◌ wall gap
Your base· Open — unwalled flank
勇敢熊熊's base· Open — 5t gap
Smoothed initial terrain · ◌ = detected wall gap · hover for details
Inputs per minute
— KSV - - 勇敢熊熊
Build order — KSV
First 150 of 504 actions detected
| 0:00 | Create | Villager (Male) |
| 0:00 | Create | Villager (Male) |
| 0:01 | Create | Villager (Male) |
| 0:02 | Build | House |
| 0:03 | Build | House |
| 0:32 | Create | Villager (Male) |
| 0:33 | Create | Villager (Male) |
| 1:24 | Create | Villager (Male) |
| 1:24 | Create | Villager (Male) |
| 1:49 | Build | Lumber Camp |
| 2:00 | Create | Villager (Male) |
| 2:00 | Create | Villager (Male) |
| 2:16 | Create | Villager (Male) |
| 2:45 | Create | Villager (Male) |
| 2:46 | Create | Villager (Male) |
| 3:02 | Create | Villager (Male) |
| 3:02 | Create | Villager (Male) |
| 3:40 | Create | Villager (Male) |
| 4:00 | Build | House |
| 4:04 | Create | Villager (Male) |
| 4:15 | Create | Villager (Male) |
| 4:32 | Build | Barracks |
| 4:51 | Create | Villager (Male) |
| 5:08 | Create | Villager (Male) |
| 5:14 | Build | House |
| 5:34 | Create | Villager (Male) |
| 5:54 | Build | Palisade Wall |
| 5:55 | Build | Palisade Wall |
| 5:56 | Build | Palisade Wall |
| 6:01 | Create | Villager (Male) |
| 6:39 | Build | House |
| 6:42 | Research | Loom |
| 7:01 | Research | Feudal Age |
| 7:04 | Create | Militia |
| 7:18 | Build | Mining Camp |
| 7:33 | Build | Palisade Wall |
| 7:37 | Create | Militia |
| 7:37 | Create | Militia |
| 8:05 | Create | Militia |
| 8:29 | Build | Palisade Wall |
| 8:51 | Build | Mill |
| 9:16 | Create | Villager (Male) |
| 9:17 | Age | Feudal Age |
| 9:21 | Build | Palisade Wall |
| 9:24 | Create | Spearman |
| 9:33 | Build | House |
| 9:44 | Create | Villager (Male) |
| 9:46 | Research | Man-at-Arms (upgrade) |
| 9:58 | Build | Archery Range |
| 10:00 | Create | Villager (Male) |
| 10:10 | Build | Farm |
| 10:28 | Create | Villager (Male) |
| 10:34 | Build | Farm |
| 10:47 | Create | Villager (Male) |
| 10:57 | Build | Farm |
| 11:05 | Create | Archer |
| 11:14 | Create | Villager (Male) |
| 11:22 | Build | Palisade Wall |
| 11:25 | Build | Palisade Wall |
| 11:41 | Build | Farm |
| 11:42 | Build | Farm |
| 11:42 | Create | Archer |
| 11:46 | Build | Farm |
| 11:47 | Create | Villager (Male) |
| 12:08 | Create | Archer |
| 12:09 | Build | Farm |
| 12:33 | Create | Villager (Male) |
| 12:44 | Create | Villager (Male) |
| 12:55 | Create | Archer |
| 12:57 | Create | Villager (Male) |
| 13:01 | Build | Farm |
| 13:03 | Build | Farm |
| 13:05 | Build | Farm |
| 13:09 | Create | Archer |
| 13:16 | Build | Palisade Wall |
| 13:33 | Build | House |
| 13:41 | Create | Villager (Male) |
| 13:50 | Build | Palisade Wall |
| 14:00 | Create | Villager (Male) |
| 14:07 | Build | Blacksmith |
| 14:11 | Build | Palisade Wall |
| 14:16 | Create | Archer |
| 14:30 | Create | Archer |
| 14:35 | Create | Villager (Male) |
| 14:56 | Create | Villager (Male) |
| 15:06 | Build | House |
| 15:14 | Build | Farm |
| 15:15 | Create | Villager (Male) |
| 15:21 | Create | Spearman |
| 15:23 | Create | Villager (Male) |
| 15:32 | Create | Villager (Male) |
| 15:38 | Create | Villager (Male) |
| 16:01 | Create | Villager (Male) |
| 16:30 | Create | Villager (Male) |
| 16:42 | Create | Villager (Male) |
| 16:44 | Create | Archer |
| 16:49 | Build | Farm |
| 16:53 | Build | Archery Range |
| 16:58 | Build | House |
| 16:59 | Build | House |
| 17:20 | Research | Castle Age |
| 17:21 | Create | Archer |
| 17:28 | Build | House |
| 17:30 | Build | House |
| 17:32 | Build | House |
| 17:39 | Create | Archer |
| 17:49 | Create | Archer |
| 17:54 | Research | Fletching |
| 17:54 | Research | Fletching |
| 18:03 | Research | Double-Bit Axe |
| 18:03 | Research | Double-Bit Axe |
| 18:07 | Build | House |
| 18:09 | Build | House |
| 18:10 | Create | Archer |
| 18:15 | Create | Archer |
| 18:24 | Create | Archer |
| 18:45 | Research | Gold Mining |
| 18:57 | Create | Archer |
| 19:05 | Research | Horse Collar |
| 19:10 | Build | Farm |
| 19:20 | Create | Archer |
| 19:45 | Create | Villager (Male) |
| 19:46 | Create | Archer |
| 20:00 | Age | Castle Age |
| 20:01 | Research | Crossbowman (upgrade) |
| 20:01 | Research | Crossbowman (upgrade) |
| 20:01 | Research | Crossbowman (upgrade) |
| 20:09 | Build | Siege Workshop |
| 20:16 | Research | Bodkin Arrow |
| 20:17 | Research | Bodkin Arrow |
| 20:18 | Create | Archer |
| 20:32 | Build | Palisade Gate |
| 20:45 | Create | Villager (Male) |
| 20:46 | Create | Villager (Male) |
| 20:47 | Build | Farm |
| 20:53 | Build | House |
| 21:14 | Create | Battering Ram |
| 21:14 | Create | Battering Ram |
| 21:15 | Create | Villager (Male) |
| 21:47 | Create | Villager (Male) |
| 22:04 | Research | Town Watch |
| 22:08 | Build | House |
| 22:14 | Create | Archer |
| 22:14 | Create | Archer |
| 22:15 | Research | Padded Archer Armor |
| 22:15 | Research | Padded Archer Armor |
| 22:16 | Create | Villager (Male) |
| 22:38 | Create | Mangonel |
| 22:38 | Create | Mangonel |
| 22:41 | Create | Villager (Male) |
Build order — 勇敢熊熊
First 150 of 453 actions detected
| 0:01 | Create | Villager (Male) |
| 0:01 | Create | Villager (Male) |
| 0:02 | Create | Villager (Male) |
| 0:02 | Build | House |
| 0:03 | Build | House |
| 0:05 | Create | Villager (Male) |
| 0:05 | Create | Villager (Male) |
| 1:14 | Create | Villager (Male) |
| 1:44 | Build | Lumber Camp |
| 1:57 | Create | Villager (Male) |
| 2:23 | Create | Villager (Male) |
| 2:44 | Create | Villager (Male) |
| 3:10 | Create | Villager (Male) |
| 3:40 | Create | Villager (Male) |
| 3:48 | Build | House |
| 4:01 | Create | Villager (Male) |
| 4:20 | Create | Villager (Male) |
| 4:26 | Build | House |
| 4:28 | Build | House |
| 4:43 | Create | Villager (Male) |
| 4:44 | Create | Villager (Male) |
| 5:10 | Research | Loom |
| 5:12 | Build | Palisade Wall |
| 5:14 | Build | Palisade Wall |
| 5:15 | Build | Palisade Wall |
| 5:59 | Build | Mining Camp |
| 6:17 | Create | Villager (Male) |
| 6:45 | Research | Feudal Age |
| 7:31 | Build | Palisade Wall |
| 7:43 | Build | Barracks |
| 8:24 | Create | Villager (Male) |
| 8:39 | Build | House |
| 8:49 | Create | Villager (Male) |
| 8:55 | Age | Feudal Age |
| 8:58 | Build | Archery Range |
| 9:13 | Research | Double-Bit Axe |
| 9:23 | Create | Villager (Male) |
| 9:44 | Build | Palisade Wall |
| 10:03 | Create | Villager (Male) |
| 10:05 | Create | Archer |
| 10:14 | Build | Mill |
| 10:15 | Create | Villager (Male) |
| 10:38 | Create | Villager (Male) |
| 10:39 | Create | Archer |
| 10:55 | Build | House |
| 11:02 | Create | Villager (Male) |
| 11:03 | Create | Archer |
| 11:35 | Create | Villager (Male) |
| 11:42 | Create | Villager (Male) |
| 11:46 | Build | Blacksmith |
| 11:49 | Create | Villager (Male) |
| 11:54 | Build | Farm |
| 12:11 | Create | Archer |
| 12:55 | Create | Villager (Male) |
| 12:56 | Create | Archer |
| 13:05 | Create | Villager (Male) |
| 13:08 | Build | Farm |
| 13:11 | Build | Farm |
| 13:11 | Build | Farm |
| 13:18 | Create | Villager (Male) |
| 13:22 | Build | House |
| 13:24 | Create | Villager (Male) |
| 13:24 | Build | Farm |
| 13:25 | Build | Farm |
| 13:26 | Create | Villager (Male) |
| 13:30 | Create | Villager (Male) |
| 13:34 | Build | House |
| 13:35 | Research | Fletching |
| 13:35 | Research | Fletching |
| 13:48 | Build | Farm |
| 14:03 | Build | Farm |
| 14:08 | Build | House |
| 14:31 | Build | Farm |
| 14:32 | Create | Archer |
| 14:45 | Create | Villager (Male) |
| 15:01 | Create | Villager (Male) |
| 15:03 | Build | House |
| 15:04 | Build | House |
| 15:08 | Create | Villager (Male) |
| 15:16 | Build | Farm |
| 15:19 | Build | Farm |
| 15:22 | Create | Archer |
| 15:36 | Create | Villager (Male) |
| 15:40 | Build | Farm |
| 15:42 | Build | Farm |
| 16:03 | Create | Villager (Male) |
| 16:19 | Create | Villager (Male) |
| 16:38 | Create | Villager (Male) |
| 16:39 | Create | Archer |
| 17:08 | Build | House |
| 17:09 | Build | House |
| 17:12 | Research | Castle Age |
| 17:12 | Research | Castle Age |
| 17:27 | Build | House |
| 17:27 | Build | House |
| 17:28 | Build | House |
| 17:29 | Build | Palisade Wall |
| 17:30 | Create | Archer |
| 17:38 | Research | Padded Archer Armor |
| 17:43 | Research | Gold Mining |
| 17:57 | Create | Archer |
| 18:15 | Create | Villager (Male) |
| 18:25 | Create | Archer |
| 18:44 | Create | Archer |
| 18:52 | Build | House |
| 18:54 | Create | Archer |
| 19:00 | Create | Archer |
| 19:35 | Create | Archer |
| 19:58 | Age | Castle Age |
| 19:59 | Research | Crossbowman (upgrade) |
| 19:59 | Research | Crossbowman (upgrade) |
| 19:59 | Research | Bodkin Arrow |
| 20:01 | Create | Villager (Male) |
| 20:03 | Build | Town Center |
| 20:11 | Research | Bow Saw |
| 20:12 | Research | Bow Saw |
| 20:14 | Create | Villager (Male) |
| 20:16 | Build | University |
| 20:21 | Research | Town Watch |
| 20:21 | Research | Town Watch |
| 20:24 | Create | Archer |
| 20:26 | Create | Villager (Male) |
| 20:54 | Create | Villager (Male) |
| 20:54 | Create | Villager (Male) |
| 20:56 | Create | Archer |
| 21:19 | Research | Ballistics |
| 21:19 | Research | Ballistics |
| 21:24 | Create | Archer |
| 21:26 | Create | Villager (Male) |
| 21:34 | Create | Archer |
| 21:37 | Create | Villager (Male) |
| 21:49 | Create | Villager (Male) |
| 21:57 | Create | Archer |
| 22:10 | Create | Villager (Male) |
| 22:11 | Create | Villager (Male) |
| 22:15 | Create | Villager (Male) |
| 22:23 | Create | Villager (Male) |
| 22:26 | Build | Siege Workshop |
| 22:28 | Create | Villager (Male) |
| 22:31 | Build | Siege Workshop |
| 22:42 | Create | Archer |
| 22:47 | Create | Villager (Male) |
| 23:05 | Create | Mangonel |
| 23:08 | Create | Villager (Male) |
| 23:08 | Create | Archer |
| 23:16 | Build | Mining Camp |
| 23:19 | Create | Villager (Male) |
| 23:39 | Create | Villager (Male) |
| 23:45 | Create | Mangonel |
| 23:51 | Create | Villager (Male) |
Match timeline
| 4:32 | KSV · first_building Barracks |
| 5:12 | 勇敢熊熊 · wall_segment Palisade Wall x4 |
| 5:14 | 勇敢熊熊 · wall_segment Palisade Wall x6 |
| 5:15 | 勇敢熊熊 · wall_segment Palisade Wall x1 |
| 5:54 | KSV · wall_segment Palisade Wall x1 |
| 5:55 | KSV · wall_segment Palisade Wall x1 |
| 5:56 | KSV · wall_segment Palisade Wall x1 |
| 7:31 | 勇敢熊熊 · wall_segment Palisade Wall x8 |
| 7:33 | KSV · wall_segment Palisade Wall x6 |
| 7:43 | 勇敢熊熊 · first_building Barracks |
| 8:29 | KSV · wall_segment Palisade Wall x9 |
| 8:55 | 勇敢熊熊 · age_up feudal |
| 8:58 | 勇敢熊熊 · first_building Archery Range |
| 9:17 | KSV · age_up feudal |
| 9:21 | KSV · wall_segment Palisade Wall x18 |
| 9:44 | 勇敢熊熊 · wall_segment Palisade Wall x7 |
| 9:58 | KSV · first_building Archery Range |
| 11:22 | KSV · wall_segment Palisade Wall x1 |
| 11:25 | KSV · wall_segment Palisade Wall x1 |
| 13:16 | KSV · wall_segment Palisade Wall x1 |
| 13:50 | KSV · wall_segment Palisade Wall x1 |
| 14:11 | KSV · wall_segment Palisade Wall x1 |
| 17:29 | 勇敢熊熊 · wall_segment Palisade Wall x1 |
| 19:58 | 勇敢熊熊 · age_up castle |
| 20:00 | KSV · age_up castle |
| 20:09 | KSV · first_building Siege Workshop |
| 22:26 | 勇敢熊熊 · first_building Siege Workshop |
| 28:04 | 勇敢熊熊 · first_building Stable |
| 30:32 | 勇敢熊熊 · first_market_buy 100 food |
| 31:15 | KSV · first_building Stable |
| 32:45 | 勇敢熊熊 · first_building Castle |
| 37:05 | 勇敢熊熊 · first_building Monastery |
| 37:42 | 勇敢熊熊 · first_market_sell 100 food |
| 38:28 | KSV · first_market_sell 100 food |
| 39:00 | KSV · first_building Castle |
| 39:52 | KSV · wall_segment Stone Wall x8 |
| 40:35 | KSV · wall_segment Stone Wall x1 |
| 40:44 | KSV · wall_segment Stone Wall x1 |
| 40:59 | KSV · first_market_buy 500 food |
| 41:05 | KSV · wall_segment Stone Wall x4 |
| 44:45 | 勇敢熊熊 · age_up imperial |
| 45:18 | KSV · wall_segment Palisade Wall x1 |
| 45:23 | KSV · age_up imperial |
| 49:03 | KSV · wall_segment Palisade Wall x1 |
| 49:06 | KSV · wall_segment Palisade Wall x1 |
| 49:07 | KSV · wall_segment Palisade Wall x1 |
| 49:26 | KSV · resign |
[ AI ANALYSIS · 1 CREDIT ]
What really happened in this match?
Wolo.gg analyzes every decision: build order, eco, micro, common mistakes by bracket. Personalized analysis on WhatsApp or Discord in 30 seconds.
Civ guide
Celts
Perfil
Kasva (KSV)